 Dungeon Crawl Stone Soup version 0.27-a0-1273-gec92ba881d (webtiles) character file.

Game seed: 11518114317646823597

65 mordus the Poker (level 3, -2/31 HPs)
             Began as a Draconian Monk on June 11, 2021.
             Killed from afar by Sigmund (4 damage)
             ... with a puff of flame
             ... on level 3 of the Dungeon.
             The game lasted 00:02:10 (1980 turns).

mordus the Poker (Draconian Monk)                   Turns: 1980, Time: 00:02:10

Health: -2/31      AC:  8    Str: 14    XL:     3   Next: 92%
Magic:  3/3        EV: 13    Int: 10    God:
Gold:   57         SH:  0    Dex: 13    Spells: 2/2 levels left

rFire    . . .     SeeInvis .   a - +0 spear
rCold    . . .     Faith    .   (no shield)
rNeg     . . .     Spirit   .   (armour unavailable)
rPois    .         Reflect  .   (helmet restricted)
rElec    .         Harm     .   f - +2 cloak
rCorr    .         Rampage  .   (no gloves)
Will     .....                  (no boots)
Stlth    ++........             (no amulet)
HPRegen  0.10/turn              (no ring)
MPRegen  0.08/turn              (no ring)

@: no status effects
A: AC +5, unfitting armour, cold-blooded
a: no special abilities


You were on level 3 of the Dungeon.
You visited 1 branch of the dungeon, and saw 3 of its levels.

You collected 57 gold pieces.

Inventory:

Hand Weapons
 a - a +0 spear (weapon)
Armour
 f - a +2 cloak (worn)
Scrolls
 c - a scroll of identify {unknown}
 g - a scroll of noise {unknown}
 h - 2 scrolls of fog {unknown}
 j - a scroll of magic mapping {unknown}
Potions
 b - 2 potions of resistance {unknown}
 d - a potion of flight {unknown}
 e - a potion of heal wounds {unknown}
 i - a potion of curing {unknown}
 k - a potion of haste {unknown}


   Skills:
 - Level 3.2 Fighting
 * Level 4.3 Polearms
 + Level 3.3 Dodging
 - Level 1.7 Stealth


You had 2 spell levels left.
You didn't know any spells.
Your spell library contained the following spells:

 Spells                   Type           Power      Damage    Failure   Level
 Confusing Touch          Hex            0%         N/A       75%         3
 Gell's Gravitas          Tloc           0%         N/A       75%         3
 Petrify                  Tmut/Erth      0%         N/A       98%         4
 Metabolic Englaciation   Hex/Ice        0%         N/A       100%        5
 Yara's Violent Unravell  Hex/Tmut       0%         3d3       100%        5


Dungeon Overview and Level Annotations

Branches:
Dungeon (3/15)

Altars:

Annotations:
D:3 Sigmund


Innate Abilities, Weirdness & Mutations

Your plain brown scales are hard. (AC +5)
You cannot fit into any form of body armour.
You are cold-blooded and may be slowed by cold attacks.


Message History

You closely miss Sigmund.
Sigmund is severely wounded.
Sigmund breathes a few words.
Sigmund's hands start flickering wildly.
Sigmund hits you with a +0 scythe.
You barely miss Sigmund.
Sigmund is heavily wounded.
You completely miss Sigmund.
You tail-slap Sigmund, but do no damage.
Sigmund is heavily wounded.
Sigmund completely misses you.
You closely miss Sigmund.
Sigmund is heavily wounded.
Sigmund hits you with a +0 scythe.
You hit Sigmund but do no damage.
Your tail-slap misses Sigmund.
Sigmund is heavily wounded.
Sigmund gestures at you while chanting. You resist with significant effort.
You closely miss Sigmund.
Sigmund is heavily wounded.
Sigmund mumbles some strange words.
Sigmund flickers and vanishes!
Deactivating autopickup; reactivate with Ctrl-A.
You barely miss something. You tail-slap something. Something hits you.
You hit something. Something hits you but does no damage.
You hit something. Something hits you.
You hit something. Something hits you but does no damage. Something hits you.
* * * LOW HITPOINT WARNING * * *
A magic dart appears from out of thin air!
The magic dart hits you.
* * * LOW HITPOINT WARNING * * *
A magic dart appears from out of thin air!
The magic dart hits you.
* * * LOW HITPOINT WARNING * * *
Found a club.
A kobold comes into view. It is wielding a +0 club.
A puff of flame appears from out of thin air!
The puff of flame hits you.
You die...

#... #.#
#...:..K..##.#
#.........##.#
.........##.#
#.......##.#
#...[)..#..#
......##.##
#...##.# #.@##.## #
##......####...#
#..............#
......###.#####...#
##..#. #{# #
#......## #..#. #.#
.....#... ... #.
#l# .##..... ... ..
#.# ......#### .
#.#


You could see a kobold (asleep).

Vanquished Creatures
  A worm (D:2)
  4 dart slugs (D:1)
  4 endoplasms
  A giant cockroach (D:1)
  6 hobgoblins
  3 jackals (D:1)
  3 ball pythons
  7 bats
  4 frilled lizards (D:1)
  5 goblins
  6 kobolds
  10 rats
54 creatures vanquished.

Notes
Turn   | Place    | Note
-------+----------+-------------------------------------------
     0 | D:1      | mordus the Draconian Monk began the quest for the Orb.
     0 | D:1      | Reached XP level 1. HP: 19/19 MP: 1/1
   223 | D:1      | Reached XP level 2. HP: 26/26 MP: 2/2
   632 | D:1      | Found a faded altar of an unknown god.
   700 | D:1      | Reached XP level 3. HP: 31/31 MP: 3/3
   899 | D:1      | Reached skill level 4 in Polearms
  1437 | D:2      | You fall into a shaft and drop 1 floor!
  1944 | D:3      | Noticed Sigmund
  1980 | D:3      | Killed from afar by Sigmund

Illustrated notes

Levels and vault maps discovered:
D:1:      kennysheep_arrival_forest, layout_basic, ebering_ecumenical_altar_hall
D:2:      layout_rooms
D:3:      layout_rooms, kennysheep_generic_room_9, uniq_sigmund, uniq_robin

Skill      XL: |  1  2  3 |
---------------+----------+-----
Dodging        | 3 |  3.3
Polearms       | 4 |  4.3
Fighting       | |  3.2
Stealth        | |  1.7

Action                   || total
-------------------------++-------
Melee: Spear             ||   216
       Tailslap          ||    24
 Stab: Sleeping          ||     2
Armor: Skin              ||    52
Dodge: Dodged            ||   128

Table legend: (Time is in decaauts)
 A = Elapsed time spent in this place.
 B = Non-inter-level travel time spent in this place.
 C = Inter-level travel time spent in this place.
 D = Time resting spent in this place.
 E = Time spent auto-exploring this place.
 F = Levels seen in this place.
 G = Mean time per level.
                   A        B        C        D        E       F      G
               +--------+--------+--------+--------+--------+-----+--------+
         Total |   1965 |   1934 |     31 |    342 |   1175 |   3 |  655.0 |
       Dungeon |   1965 |   1934 |     31 |    342 |   1175 |   3 |  655.0 |
               +--------+--------+--------+--------+--------+-----+--------+

Top non-repeatable levels by time:
     D:1: 1246 daAuts
     D:2: 585 daAuts
     D:3: 133 daAuts
